 Dungeon Crawl Stone Soup version 0.28.0 (webtiles) character file.

Game seed: 4017891328730782773

103 ZombieSheep the Chopper (level 4, -13/40 HPs)
             Began as a Minotaur Gladiator on Feb 5, 2022.
             Killed by divine providence
             ... invoked by an orc priest
              (14 damage)
             ... on level 3 of the Dungeon.
             The game lasted 00:04:05 (2129 turns).

ZombieSheep the Chopper (Minotaur Gladiator)        Turns: 2129, Time: 00:04:06

Health: -13/40     AC:  6    Str: 18    XL:     4   Next: 51%
Magic:  3/3        EV: 11    Int:  5    God:
Gold:   108        SH:  0    Dex: 14    Spells: 3/3 levels left

rFire   . . .      SeeInvis .   a - +0 war axe
rCold   . . .      Faith    .   (no shield)
rNeg    . . .      Spirit   .   n - +0 scale mail
rPois   .          Reflect  .   c - +0 hat
rElec   .          Harm     .   (no cloak)
rCorr   .          Rampage  .   (no gloves)
Will    .....                   (no boots)
Stlth   ..........              (no amulet)
HPRegen 0.13/turn               (no ring)
MPRegen 0.08/turn               (no ring)

@: lethally poisoned (-13 -> -29)
A: horns 2, retaliatory headbutt
a: no special abilities


You were on level 3 of the Dungeon.
You visited 1 branch of the dungeon, and saw 3 of its levels.

You collected 108 gold pieces.

Inventory:

Hand Weapons
 a - a +0 war axe (weapon)
 b - a +0 hunting sling
Missiles
 d - 3 throwing nets (quivered)
 f - 26 sling bullets
Armour
 c - a +0 hat (worn)
 n - a +0 scale mail (worn)
Potions
 e - a potion of heal wounds
 j - a potion of curing {unknown}
 k - 2 potions of haste {unknown}
 o - a potion of brilliance {unknown}


   Skills:
 * Level 4.1 Fighting
 + Level 4.3 Axes
 - Level 2.0 Throwing
 + Level 2.0 Armour
 + Level 3.9 Dodging


You had 3 spell levels left.
You didn't know any spells.
Your spell library was empty.

Dungeon Overview and Level Annotations

Branches:
Dungeon (3/15)

Altars:

Shops:
D:1 (


Innate Abilities, Weirdness & Mutations

You have a pair of horns on your head.
You reflexively headbutt those who attack you in melee.


Message History

You are too injured to fight recklessly!
Unknown command.
You feel much better.
You feel very sick.
The orc shouts!
The orc wizard hits you with a +1 dagger of venom.
You are more poisoned.
The orc misses you. You furiously retaliate!
You headbutt the orc.
The orc priest looks braver for a moment.
The dart slug bites you but does no damage.
You completely miss the orc priest. You barely miss the dart slug.
You closely miss the orc wizard. You completely miss the orc.
You feel very sick.
The orc wizard hits you but does no damage.
You are lethally poisoned!
The orc closely misses you.
An adder comes into view.
The orc priest invokes the aid of Beogh against you.
Pain shoots through your body! The orc wizard misses you.
You furiously retaliate!
You headbutt the orc wizard. You closely miss the orc priest.
Your headbutt misses the orc priest. You hit the orc.
You kill the orc!
You hit the orc wizard. You slash the dart slug!
You kill the dart slug!
* * * LOW HITPOINT WARNING * * *
You feel extremely sick. The orc priest misses you.
The orc wizard gestures at you while chanting.
The puff of flame hits you.
* * * LOW HITPOINT WARNING * * *
You barely miss the orc wizard. Your headbutt misses the orc wizard.
The orc wizard is almost dead.
You closely miss the kobold. You closely miss the orc priest.
* * * LOW HITPOINT WARNING * * *
You feel very sick. The kobold hits you but does no damage.
The orc priest mumbles some strange prayers to Beogh against you.
Beogh smites you!
You die...

###...##.#.###.
#.##........#.# #.
#.##....)...).###.
#.##...†)##.##....
#........##.###.#.
####....)...##.#
#.#.
#.#.......##..##_#
#.#.
#..^...##.##..##.#
#.#.
###o@##.##..##.#
#.#.
#)oK..###.##.#
#... #..#.......#
#.#.
....o#........
##.##.#........ #.
#.#...S.... #
#.#........
#.#........
#..........


You could see an orc priest, an orc wizard, an adder, an orc and a kobold.

Vanquished Creatures
  3 gnolls (D:2)
  2 adders
  3 dart slugs
  5 orcs (D:3)
  3 endoplasms
  2 giant cockroaches
  5 goblins
  3 hobgoblins
  2 jackals (D:1)
  A quokka (D:3)
  3 ball pythons
  5 bats
  2 frilled lizards
  4 kobolds
  5 rats
48 creatures vanquished.

Notes
Turn   | Place    | Note
-------+----------+-------------------------------------------
     0 | D:1      | ZombieSheep the Minotaur Gladiator began the quest for the
                  | Orb.
     0 | D:1      | Reached XP level 1. HP: 18/18 MP: 0/0
   228 | D:1      | Found Kiaroot's Antique Weapon Emporium.
   408 | D:1      | Reached XP level 2. HP: 19/25 MP: 1/1
   610 | D:1      | Reached skill level 1 in Armour
  1164 | D:2      | Reached XP level 3. HP: 31/31 MP: 2/2
  1734 | D:2      | Reached XP level 4. HP: 40/40 MP: 3/3
  2096 | D:3      | Found a faded altar of an unknown god.
  2129 | D:3      | HP: 1/40 [poisoned by an orc wizard]
  2129 | D:3      | Killed from afar by an orc priest

Illustrated notes

Levels and vault maps discovered:
D:1:      amcnicky_arrival_abandoned_market, layout_basic, serial_shops, shop
D:2:      layout_basic, kennysheep_generic_room_13
D:3:      layout_loops_ring, ebering_ecumenical_altar_hall, serial_shops, shop,
          minmay_tree_intersection

Skill      XL: |  1  2  3  4 |
---------------+-------------+-----
Fighting       | 3 4 |  4.1
Armour         | 1 2 |  2.0
Axes           | 4 |  4.3
Throwing       | |  2.0
Dodging        | |  3.9

Action                   |  1- 3 |  4- 6 || total
-------------------------+-------+-------++-------
Melee: War axe           |    52 |    23 ||    75
       Headbutt          |    10 |     1 ||    11
 Fire: Hunting sling     |     5 |       ||     5
  Use: Scroll            |     1 |     5 ||     6
       Potion            |       |     1 ||     1
Armor: Leather armour    |    15 |       ||    15
       Scale mail        |     1 |    17 ||    18
Dodge: Dodged            |    32 |    21 ||    53
